AoeStats
← brodididi

Arena

508843209Analyzed
2v2 RM · 7d ago on Sep 24, 2026· 52m 29s· 4 players
Game mode
Random Map
Map size
Medium (4 player)
Population
200
Speed
Normal
Resources
Standard
Victory
Conquest
Starting age
Dark Age
Ending age
Imperial Age
RankedLock teamsTeams togetherTeam positionsShared explorationLock speedFull tech treeHidden civsTurbo modeCheats
Victory
Defeat
🇪🇸 Franks · Spain
512
+15
🇪🇸 Spanish · Spain
492
+16
🇫🇷 Franks · France
540
-17
🇹🇼 Persians · Taiwan
444
-14
ken526730
4:09 Loom
13:24 Feudal Age
13:41 Horse Collar
13:50 Double-Bit Axe
13:53 Town Watch
16:30 Scale Barding Armor
17:25 Fletching
18:09 Gold Mining
20:09 Wheelbarrow
19:50 Stone Mining
23:28 Man-at-Arms
28:27 Castle Age
27:09 Forging
28:18 Crossbowman
28:19 Elite Skirmisher
28:24 Long Swordsman
28:49 Gambesons
29:40 Heavy Plow
30:46 Town Patrol
34:49 Stone Shaft Mining
34:50 Gold Shaft Mining
34:19 Scale Mail Armor
35:48 Hand Cart
37:12 Parthian Tactics
39:49 Fervor
42:48 Kamandaran
44:05 Thumb Ring
nicolas.sarthou
0:31 Loom
10:04 Feudal Age
10:36 Double-Bit Axe
18:48 Castle Age
17:20 Gold Mining
17:29 Stone Mining
20:33 Bow Saw
28:46 Gold Shaft Mining
30:16 Scale Barding Armor
34:37 Imperial Age
35:32 Cavalier
37:05 Chain Barding Armor
36:56 Forging
36:10 Elite Skirmisher
37:33 Paladin
40:38 Iron Casting
40:26 Ballistics
41:18 Fletching
42:04 Plate Barding Armor
42:33 Chemistry
43:13 Elite Throwing Axeman
46:35 Bodkin Arrow
46:41 Padded Archer Armor
46:49 Siege Engineers
46:48 Chivalry
47:16 Pikeman
49:04 Blast Furnace
48:20 Leather Archer Armor
52:18 Hoardings
minchaspollez
11:44 Feudal Age
13:15 Double-Bit Axe
13:17 Horse Collar
23:58 Castle Age
22:56 Padded Archer Armor
22:46 Fletching
23:45 Gold Mining
24:20 Stone Mining
27:38 Scale Barding Armor
27:53 Leather Archer Armor
29:28 Ballistics
36:28 Chain Barding Armor
48:34 Imperial Age
48:41 Elite Conquistador
50:36 Chemistry
51:36 Plate Barding Armor
brodididi
5:38 Loom
10:00 Feudal Age
10:37 Double-Bit Axe
11:55 Gold Mining
15:03 Wheelbarrow
19:18 Castle Age
22:34 Bow Saw
27:35 Gold Shaft Mining
26:38 Pikeman
29:43 Forging
29:39 Scale Barding Armor
29:35 Scale Mail Armor
34:29 Imperial Age
32:45 Iron Casting
32:31 Chain Barding Armor
34:08 Hand Cart
35:37 Halberdier
35:44 Cavalier
37:28 Blast Furnace
37:39 Plate Barding Armor
37:20 Chain Mail Armor
37:13 Town Watch
39:59 Paladin
41:32 Plate Mail Armor
46:19 Chivalry
Connection lost

Rejoining the realm…

Still unreachable

The connection could not be restored.

Session expired

The server has moved on; the page needs a fresh start.